 Dungeon Crawl Stone Soup version 0.28.0-43-g3370ac3207 (webtiles) character file.

Game seed: 7333490245815759869

4 CryoSword the Magician (level 1, -1/14 HPs)
             Began as a Demigod Hedge Wizard on Mar 24, 2022.
             Slain by a kobold
             ... wielding a +0 club
              (3 damage)
             ... on level 1 of the Dungeon.
             The game lasted 00:00:46 (315 turns).

CryoSword the Magician (Demigod Hedge Wizard)        Turns: 315, Time: 00:00:46

Health: -1/14      AC:  2    Str: 11    XL:     1   Next: 40%
Magic:  0/6        EV: 12    Int: 16    God:
Gold:   0          SH:  0    Dex: 13    Spells: 4/5 levels left

rFire   . . .      SeeInvis .   a - +0 dagger
rCold   . . .      Faith    .   (no shield)
rNeg    . . .      Spirit   .   b - +0 robe
rPois   .          Reflect  .   c - +0 hat
rElec   .          Harm     .   (no cloak)
rCorr   .          Rampage  .   (no gloves)
Will    .....                   (no boots)
Stlth   ++........              (no amulet)
HPRegen 0.04/turn               (no ring)
MPRegen 0.10/turn               (no ring)

@: no status effects
A: high MP 1, forlorn, divine attributes
a: no special abilities


You were on level 1 of the Dungeon.
You visited 1 branch of the dungeon, and saw 1 of its levels.

Inventory:

Hand Weapons
 a - a +0 dagger (weapon)
Armour
 b - a +0 robe (worn)
 c - a +0 hat (worn)


   Skills:
 + Level 0.2 Fighting
 - Level 1.7 Dodging
 - Level 1.7 Stealth
 - Level 2.6 Spellcasting
 * Level 1.1 Conjurations
 + Level 1.0 Summonings
 - Level 0.8 Translocations


You had 4 spell levels left.
You knew the following spells:

 Your Spells              Type           Power      Damage    Failure   Level
a - Magic Dart            Conj           20%        1d4       12%         1

Your spell library contained the following spells:

 Spells                   Type           Power      Damage    Failure   Level
 Summon Small Mammal      Summ           20%        N/A       13%         1
 Slow                     Hex            8%         N/A       19%         1
 Call Imp                 Summ           5%         N/A       19%         2
 Blink                    Tloc           8%         N/A       21%         2
 Call Canine Familiar     Summ           5%         N/A       36%         3
 Conjure Flame            Conj/Fire      4%         6-21      41%         3
 Summon Guardian Golem    Hex/Summ       3%         N/A       43%         3
 Mephitic Cloud           Conj/Pois/Air  3%         N/A       45%         3


Dungeon Overview and Level Annotations

Branches:
Dungeon (1/15)

Shops:
D:1 ?


Innate Abilities, Weirdness & Mutations

You have an increased reservoir of magic. (+10% MP)
You shall have no god before yourself.
Your divine heritage dramatically boosts your attributes as you level up.


Message History

Welcome, CryoSword the Demigod Hedge Wizard.
Will you be the one to retrieve the wondrous Orb of Zot from the depths?
Found a staircase leading out of the dungeon.
Found an escape hatch in the floor.
You enter the shallow water.
Moving in this stuff is going to be slow.
Could not explore, unopened door.
You open the door.
There is an open door here.
A ball python comes into view.
Found Haol's Magic Scroll Emporium.
A ball python is nearby!
A ball python is nearby!
Aim: a ball python (asleep, 100% to hit)
The magic dart hits the ball python.
The ball python hisses angrily.
Aim: a ball python (moderately wounded, 100% to hit)
The magic dart hits the ball python.
You kill the ball python!
There is an entrance to Haol's Magic Scroll Emporium here.
There is an entrance to Haol's Magic Scroll Emporium here.
A hobgoblin comes into view.
A hobgoblin is nearby!
A hobgoblin is nearby!
The hobgoblin shouts!
Aim: a hobgoblin (100% to hit)
The magic dart hits the hobgoblin.
Unknown command.
You can't see that place.
Okay, then.
Aim: a hobgoblin (lightly wounded, 100% to hit)
The magic dart hits the hobgoblin.
Aim: a hobgoblin (severely wounded, 100% to hit)
The magic dart hits the hobgoblin but does no damage.
The hobgoblin hits you.
Aim: a hobgoblin (severely wounded, 100% to hit)
The magic dart hits the hobgoblin but does no damage.
The hobgoblin closely misses you.
Aim: a hobgoblin (severely wounded, 100% to hit)
The magic dart hits the hobgoblin but does no damage.
The hobgoblin hits you.
Aim: a hobgoblin (severely wounded, 100% to hit)
The magic dart hits the hobgoblin.
You kill the hobgoblin!
Your Conjurations skill increases to level 1!
Your Summonings skill increases to level 1!
There is an entrance to Haol's Magic Scroll Emporium here.
A bat comes into view.
A bat is nearby!
A bat is nearby!
A bat is nearby!
Aim: a bat (100% to hit)
You miscast Magic Dart.
You are very lightly contaminated with residual magic.
Nothing appears to happen.
The bat closely misses you.
Unknown command.
Aim: a bat (100% to hit)
The magic dart hits the bat but does no damage.
The bat closely misses you.
Aim: a bat (100% to hit)
The magic dart hits the bat.
The bat closely misses you.
Aim: a bat (moderately wounded, 100% to hit)
You miscast Magic Dart.
Nothing appears to happen.
The bat hits you but does no damage.
Aim: a bat (moderately wounded, 100% to hit)
The magic dart hits the bat.
The bat hits you.
Aim: a bat (severely wounded, 100% to hit)
The magic dart hits the bat.
You kill the bat!
Your magical contamination has completely faded away.
You see here a bat corpse.
You pick up a book of Callings and begin reading...
You add the spells Summon Small Mammal, Call Canine Familiar and Summon Guardian Golem to your library.
A kobold comes into view. It is wielding a +0 club.
A kobold is nearby!
A kobold is nearby!
A kobold is nearby!
Aim: a kobold, wielding a +0 club (asleep, 100% to hit)
The magic dart hits the kobold but does no damage.
The kobold shouts!
You hear a shout!
Aim: a kobold, wielding a +0 club (100% to hit)
The magic dart hits the kobold.
You hit the kobold.
You kill the kobold!
No target in view!
A kobold comes into view. It is wielding a +0 club.
A kobold is nearby!
A kobold is nearby!
Aim: a kobold, wielding a +0 club (100% to hit)
The magic dart hits the kobold but does no damage.
Aim: a kobold, wielding a +0 club (100% to hit)
The magic dart hits the kobold.
The kobold closely misses you.
You miss the kobold. The kobold barely misses you.
You closely miss the kobold. The kobold closely misses you.
You closely miss the kobold. The kobold closely misses you.
Aim: a kobold, wielding a +0 club (100% to hit)
You miscast Magic Dart.
You are very lightly contaminated with residual magic.
Nothing appears to happen.
The kobold hits you with a +0 club.
Unknown command.
Aim: a kobold, wielding a +0 club (100% to hit)
The magic dart hits the kobold.
The kobold hits you but does no damage.
Aim: a kobold, wielding a +0 club (moderately wounded, 100% to hit)
The magic dart hits the kobold.
The kobold hits you with a +0 club.
You hit the kobold but do no damage. The kobold closely misses you.
You closely miss the kobold. The kobold hits you but does no damage.
You closely miss the kobold. The kobold hits you with a +0 club.
* * * LOW HITPOINT WARNING * * *
You closely miss the kobold. The kobold hits you but does no damage.
Your magical contamination has completely faded away.
Unknown command.
You don't have enough magic to cast this spell.
Unknown command.
You hit the kobold but do no damage. The kobold closely misses you.
You hit the kobold but do no damage. The kobold barely misses you.
Aim: a kobold, wielding a +0 club (severely wounded, 100% to hit)
The magic dart hits the kobold but does no damage.
The kobold hits you with a +0 club.
* * * LOW HITPOINT WARNING * * *
You hit the kobold but do no damage. The kobold closely misses you.
You closely miss the kobold. The kobold hits you with a +0 club.
* * * LOW HITPOINT WARNING * * *
You closely miss the kobold. The kobold completely misses you.
You closely miss the kobold. The kobold hits you with a +0 club.
You die...

#########
####.......#
..#.#####.#
#.#.#####†######
####K#.##.........#
#.)@....#.##.####.#
#.##.#.......#
##.## ..
...#.......# #...#
#.....####.#.##.#
#.#.. #.#...
#...##.# #...# #
##. #.####.# #####
# #.# #.# # ### #..
..# # .... ##. #


You could see a kobold.

Vanquished Creatures
  A bat (D:1)
  A hobgoblin (D:1)
  A ball python (D:1)
  A kobold (D:1)
4 creatures vanquished.

Notes
Turn   | Place    | Note
-------+----------+-------------------------------------------
     0 | D:1      | CryoSword the Demigod Hedge Wizard began the quest for the
                  | Orb.
     0 | D:1      | Reached XP level 1. HP: 14/14 MP: 6/6
    30 | D:1      | Found Haol's Magic Scroll Emporium.
    78 | D:1      | Reached skill level 1 in Conjurations
    78 | D:1      | Reached skill level 1 in Summonings
   315 | D:1      | Slain by a kobold

Illustrated notes

Levels and vault maps discovered:
D:1:      saegor_arrival_simple_d, layout_loops_cross, serial_shops,
          nicolae_shop_crystal

Skill      XL: |  1 |
---------------+----+-----
Conjurations   | 1 |  1.1
Summonings     | 1 |  1.0
Fighting       | |  0.2
Dodging        | |  1.7
Stealth        | |  1.7
Spellcasting   | |  2.6
Translocations | |  0.8

Action                   || total
-------------------------++-------
Melee: Dagger            ||    14
 Cast: Magic Dart        ||    19
Armor: Robe              ||     4
Dodge: Dodged            ||    13
